 Dungeon Crawl Stone Soup version 0.32-a0-981-g384da2ce10 (webtiles) character file.

Game seed: 9107296859569375752

592 Chago123 the Mimic (level 7, -2/48 HPs)
             Began as a Merfolk Shapeshifter on Apr 20, 2024.
             Slain by a gnoll
             ... wielding a +0 spear
              (4 damage)
             ... on level 4 of the Dungeon.
             The game lasted 00:09:55 (4450 turns).

Chago123 the Mimic (Merfolk Shapeshifter)           Turns: 4450, Time: 00:09:56

Health: -2/48      AC:  5    Str: 18    XL:     7   Next: 39%
Magic:  7/7        EV: 11    Int: 10    God:
Gold:   176        SH:  0    Dex: 15    Spells: 6/6 levels left

rFire   . .          .
                       - Unarmed
rCold   . . .        (no shield)
rNeg    . . .        p - +2 leather armour of Dishonour {-Cast Str+4}
rPois   .            (helmet currently unavailable)
rElec   .            (cloak currently unavailable)
rCorr   .            (gloves currently unavailable)
SInv    .            r - melded +0 pair of boots
Will    .....        (no amulet)
Stlth   +            (no ring)
HPRegen 0.28/turn    (no ring)
MPRegen 0.10/turn

%: no spellcasting
@: beast-form, hasted, very quick
A: beast (slay +4), (nimble swimmer 2), mertail
a: Begin Untransformation


You were on level 4 of the Dungeon.
You were a hulking beast.
You visited 1 branch of the dungeon, and saw 5 of its levels.

You collected 256 gold pieces.
You spent 80 gold pieces at shops.

Inventory:

Armour
 p - the +2 leather armour of Dishonour (worn) {-Cast Str+4}
   (You found it on level 3 of the Dungeon)

   Str+4:     It affects your strength (+4).
   -Cast:     It prevents spellcasting.
 r - a +0 pair of boots (melded)
 v - a +0 pair of gloves
Jewellery
 a - a ring of wizardry
 h - a ring of fire
Talismans
 c - a beast talisman (active)
 d - a flux talisman
 f - a maw talisman
Scrolls
 b - a scroll of summoning {unknown}
 g - 5 scrolls of teleportation
 j - a scroll of identify {unknown}
 l - a scroll of fog {unknown}
 m - a scroll of enchant armour {unknown}
 q - a scroll of enchant weapon {unknown}
 s - a scroll of blinking {unknown}
 t - a scroll of poison {unknown}
Potions
 e - a potion of magic {unknown}
 i - a potion of brilliance {unknown}
 k - a potion of berserk rage {unknown}
 n - a potion of enlightenment {unknown}
 o - 2 potions of degeneration {unknown}


   Skills:
 - Level 1.5 Fighting
 - Level 3.1 Dodging
 - Level 4.8 Unarmed Combat
 + Level 9.1 Shapeshifting


You had 6 spell levels left.
You didn't know any spells.
Your spell library contained the following spells:

 Spells                   Type           Power      Damage    Failure   Level
 Foxfire                  Conj/Fire      0%         2x1d4     41%         1
 Magic Dart               Conj           0%         1d3       41%         1
 Blink                    Tloc           0%         N/A       56%         2
 Call Imp                 Summ           0%         N/A       56%         2
 Fugue of the Fallen      Necr           0%         N/A       80%         3
 Ozocubu's Armour         Ice            0%         N/A       80%         3
 Plasma Beam              Fire/Air       0%         2x1d10    100%        6
 Starburst                Conj/Fire      0%         6d3       100%        6
 Manifold Assault         Tloc           0%         N/A       100%        7


Dungeon Overview and Level Annotations

Branches:
Dungeon (5/15)
 Temple: D:4-7

Altars:
Cheibriados
Kikubaaqudgha
Wu Jian
Yredelemnul
Zin

Shops:
D:3 :*=??


Innate Abilities, Weirdness & Mutations

You are a hulking beast.
Your limbs bulge with bestial killing power. (Slay +4)
((You are very nimble when in or above water. (Stealth+, EV+, Speed+++)))
Your lower body shifts to a powerful aquatic tail in water.


Message History

The gnoll hits you with a +0 halberd.
You hit the gnoll but do no damage.
The gnoll is heavily wounded.
The gnoll misses you.
You hit the gnoll but do no damage.
The gnoll is heavily wounded.
The gnoll hits you with a +0 halberd.
* * * LOW HITPOINT WARNING * * *
You punch the gnoll!
You kill the gnoll!
Press: ? - help, v - describe, . - travel, g - get item
Here: a gnoll, wielding a +0 flail and quivering 2 throwing nets
Items here: a +0 halberd; a gnoll corpse.
The floor, spattered with blood.
Unknown command.
Unknown command.
Unknown command.
Unknown command.
You feel yourself speed up. The gnoll barely misses you.
You hit the gnoll.
The gnoll is lightly wounded.
The gnoll hits you but does no damage. The gnoll hits you with a +0 flail.
* * * LOW HITPOINT WARNING * * *
You hit the gnoll.
The gnoll is heavily wounded.
The gnoll barely misses you.
You hit the gnoll.
You kill the gnoll!
The gnoll barely misses you.
Items here: ( )) ††.
You hit the gnoll.
The gnoll is lightly wounded.
The gnoll hits you with a +0 spear.
* * * LOW HITPOINT WARNING * * *
You hit the gnoll.
The gnoll is lightly wounded.
You hit the gnoll.
The gnoll is moderately wounded.
The gnoll hits you with a +0 spear.
You die...

#### #.##.#.# ...#
#.##.############# ##.#
#.##.......g.....# #.#
#.##############.#
#.#########.##### #.#
##.........#....)##########.#
................÷).......>#.#
...#######.#####.#.######)#.#
##.# #.# #h#.# #.#.# #.#
#.#####g#.### #.#.# #.#
#.#.....#...# #.#.# #.#
#.#.#####.#.# #.#.# ##.#
#.#.#.....#.# #.#.# ...###
#.#.#.###.#.# #.#.# .....##
#.#<#.# #.#.# #.#.#
####..####.#...###.#.# #.#.#
# #...............#.# #.#.#


You could see a gnoll.

Vanquished Creatures
  A centaur (D:5)
  2 scorpions (D:4)
  A bombardier beetle (D:4)
  A hound (D:4)
  A jelly (D:4)
  2 orc priests (D:3)
  2 orc wizards
  4 gnolls
  5 adders
  2 dart slugs (D:3)
  A ribbon worm (D:3)
  13 orcs
  2 bats
  7 endoplasms
  3 giant cockroaches
  6 goblins
  8 hobgoblins
  5 jackals
  3 quokkas
  10 ball pythons
  4 frilled lizards
  5 kobolds
  5 rats
93 creatures vanquished.

Notes
Turn   | Place    | Note
-------+----------+-------------------------------------------
     0 | D:1      | Chago123 the Merfolk Shapeshifter began the quest for the
                  | Orb.
     0 | D:1      | Reached XP level 1. HP: 15/15 MP: 1/1
   202 | D:1      | Found a faded altar of an unknown god.
   209 | D:1      | Reached XP level 2. HP: 16/21 MP: 2/2
   490 | D:1      | Reached XP level 3. HP: 16/26 MP: 3/3
   553 | D:1      | Reached skill level 5 in Shapeshifting
  1468 | D:2      | Reached XP level 4. HP: 5/32 MP: 4/4
  1470 | D:2      | HP: 2/48 [poisoned by an adder]
  1836 | D:3      | Found Jisaotum's Magic Scroll Emporium.
  1840 | D:3      | Bought a scroll of fear for 56 gold pieces
  1873 | D:3      | Found Jaifups's Jewellery Shop.
  1937 | D:3      | Found an ornate altar of the Wu Jian Council.
  2091 | D:3      | Reached XP level 5. HP: 37/37 MP: 5/5
  2148 | D:3      | Found Atidoug's Magic Scroll Boutique.
  2491 | D:3      | Found a snail-covered altar of Cheibriados.
  2639 | D:3      | Reached skill level 6 in Shapeshifting
  2684 | D:3      | Found Deecs's Book Emporium.
  2710 | D:3      | Identified the +2 leather armour of Dishonour {-Cast Str+4}
  2860 | D:3      | Found Paulluy's Assorted Antiques.
  2878 | D:3      | Bought a fuming cyan potion for 24 gold pieces
  3088 | D:4      | Found a basalt altar of Yredelemnul.
  3112 | D:4      | Reached XP level 6. HP: 36/43 MP: 6/6
  3156 | D:4      | Found a glowing silver altar of Zin.
  3285 | D:4      | Reached skill level 7 in Shapeshifting
  3532 | D:4      | Found an ancient bone altar of Kikubaaqudgha.
  3537 | D:4      | Reached skill level 8 in Shapeshifting
  3555 | D:4      | Reached XP level 7. HP: 42/48 MP: 7/7
  4192 | D:5      | Entered Level 5 of the Dungeon
  4432 | D:4      | Reached skill level 9 in Shapeshifting
  4448 | D:4      | HP: 2/48 [gnoll/+0 spear (4)]
  4450 | D:4      | Slain by a gnoll

Illustrated notes

Levels and vault maps discovered:
D:1:      psy_arrival_radial01, layout_basic, nicolae_ecumenical_snake_handling,
          nicolae_eternal_life
D:2:      layout_loops_ring, minivault_27
D:3:      layout_basic, cheibrodos_worm_habitat, lemuel_doored_altar,
          serial_shops, shop, nicolae_shop_waterfront,
          nicolae_shop_hallway_stairs, shop, nicolae_shop_pleasant_corner_grove
D:4:      layout_basic, nicolae_overflow_crystal_walls,
          mainiacjoe_overflow_chevrons, overflow_temple_1_default
D:5:      layout_cave_pools, mainiacjoe_overflow_six_doors_small,
          nicolae_ru_great_annihilating_truth, lemuel_temple_firewalk_b

Skill      XL: |  1  2  3  4  5  6  7 |
---------------+----------------------+-----
Shapeshifting  | 5 6 8 9 |  9.1
Unarmed Combat | 4 |  4.8
Dodging        | 3 |  3.1
Fighting       | |  1.5

Action                     |  1- 3 |  4- 6 |  7- 9 || total
---------------------------+-------+-------+-------++-------
  Melee: Unarmed           |    90 |   122 |    34 ||   246
         Punch             |     1 |     1 |     2 ||     4
Ability: Begin Untransform |     1 |       |       ||     1
    Use: Potion            |     1 |     2 |     2 ||     5
         Scroll            |       |     3 |       ||     3
   Stab: Sleeping          |       |     1 |     1 ||     2
 Armour: Animal skin       |    43 |    21 |       ||    64
         Skin              |     2 |    12 |     8 ||    22
         Leather armour    |       |    18 |    20 ||    38
  Dodge: Dodged            |    48 |    54 |    26 ||   128
   Form: Beast             |     1 |       |     1 ||     2
         Flux              |       |     1 |       ||     1
                           |       |       |     1 ||     1

Table legend: (Time is in decaauts)
 A = Elapsed time spent in this place.
 B = Non-inter-level travel time spent in this place.
 C = Inter-level travel time spent in this place.
 D = Time resting spent in this place.
 E = Time spent auto-exploring this place.
 F = Levels seen in this place.
 G = Mean time per level.
                   A        B        C        D        E       F      G
               +--------+--------+--------+--------+--------+-----+--------+
         Total |   4403 |   4304 |     99 |    717 |   2858 |   5 |  880.6 |
       Dungeon |   4403 |   4304 |     99 |    717 |   2858 |   5 |  880.6 |
               +--------+--------+--------+--------+--------+-----+--------+

Top non-repeatable levels by time:
     D:3: 1372 daAuts
     D:4: 1014 daAuts
     D:1: 963 daAuts
     D:2: 865 daAuts
     D:5: 186 daAuts
